 Dungeon Crawl Stone Soup version 0.30-a0-557-ge2afbf3030 (webtiles) character file.

Game seed: 5646811257846008311

12319 Shayle the Fighter (level 11, -6/72 HPs)
             Began as a Tengu Reaver on Dec 27, 2022.
             Was a Priest of Kikubaaqudgha.
             Mangled by a minotaur
             ... wielding a +1 mace of protection
              (7 damage)
             ... in a Gauntlet.
             The game lasted 00:35:35 (10542 turns).

Shayle the Fighter (Tengu Reaver)                  Turns: 10542, Time: 00:35:36

Health: -6/72      AC: 18    Str: 20    XL:     11   Next: 91%
Magic:  25/25      EV: 18    Int: 19    God:    Kikubaaqudgha [***...]
Gold:   768        SH:  5    Dex: 12    Spells: 16/28 levels left

rFire   . . .      SeeInvis .    r - +7 spear of Lifestrun {spect, rC+ Str+2}
rCold   + . .      Faith    .    (no shield)
rNeg    + . .      Spirit   .    D - +0 pearl dragon scales
rPois   .          Reflect  +    (helmet restricted)
rElec   .          Harm     .    l - +2 cloak {Stlth+}
rCorr   .          Rampage  .    H - +0 pair of gloves
Will    .....      NoTele   +    (boots unavailable)
Stlth   +                        i - amulet of reflection
HPRegen 0.32/turn                w - +4 ring of evasion
MPRegen 0.19/turn                M - +6 ring of strength

@: mighty, flying quickly and evasively, quick
A: beak, talons 3, nimble flight
a: Renounce Religion, Unearth Wretches


You were in a Gauntlet.
You worshipped Kikubaaqudgha.
Kikubaaqudgha was most pleased with you.
You visited 2 branches of the dungeon, and saw 12 of its levels.
You also visited: Ossuary and Gauntlet.

You collected 768 gold pieces.

Inventory:

Hand Weapons
 a - a +1 spear of protection
 b - a +1 hand axe of draining
 r - the +7 spear of Lifestrun (weapon) {spect, rC+ Str+2}
   (You found it on level 3 of the Dungeon)

   When its wielder attacks, the weapon's spirit leaps out and strikes again.
   The spirit shares a part of any damage it takes with its wielder.
   Str:       It affects your strength (+2).
   rC:        It protects you from cold.
 C - the +9 trident of Ashenzari {freeze, rF+ rN+ Str+3 SInv}
   (You found it on level 10 of the Dungeon)

   It freezes those it strikes, dealing additional cold damage.
   It can also slow down cold-blooded creatures.
   Str:       It affects your strength (+3).
   rF:        It protects you from fire.
   rN:        It protects you from negative energy.
   SInv:      It lets you see invisible.
 J - the +5 war axe of the Skies Above {speed, rC+++ Int+2 Dex-3}
   (You found it on level 8 of the Dungeon)

   Attacks with this weapon are significantly faster.
   Int:       It affects your intelligence (+2).
   Dex:       It affects your dexterity (-3).
   rC:        It renders you almost immune to cold.
 Q - a +5 eveningstar of protection
Missiles
 s - 5 curare-tipped darts
Armour
 l - a +2 cloak of stealth (worn)
 D - +0 pearl dragon scales (worn)
 H - a +0 pair of gloves (worn)
 K - +0 acid dragon scales
Jewellery
 i - an amulet of reflection (around neck)
 u - a ring of poison resistance
 w - a +4 ring of evasion (left hand)
 M - a +6 ring of strength (right hand)
 N - a +6 ring of intelligence
 P - the brooch of Shielding {Spirit SH+8}
   (You found it in a Gauntlet)

   [amulet of guardian spirit]

   It causes incoming damage to be divided between your reserves of health and
   magic.
   SH:        It affects your SH (+8).
Wands
 y - a wand of flame (9)
Scrolls
 e - 3 scrolls of vulnerability
 m - 9 scrolls of teleportation
 n - a scroll of brand weapon
 p - 2 scrolls of fear
 x - a scroll of amnesia
 z - 4 scrolls of fog
 B - 2 scrolls of immolation {unknown}
 F - 2 scrolls of enchant weapon
 G - 2 scrolls of blinking
 I - a scroll of torment {unknown}
Potions
 c - a potion of invisibility {unknown}
 d - 2 potions of brilliance
 f - 5 potions of curing
 g - 2 potions of mutation {unknown}
 h - 3 potions of haste
 j - 4 potions of lignification
 k - 2 potions of attraction
 o - 3 potions of heal wounds
 q - 4 potions of degeneration
 t - a potion of resistance {unknown}
 v - a potion of might
 A - a potion of cancellation {unknown}
 E - 3 potions of berserk rage
 O - 2 potions of flight {unknown}
 R - a potion of magic {unknown}


   Skills:
 + Level 10.0 Fighting
 - Level 3.2(3.7) Polearms
 + Level 2.4(3.2) Staves
 + Level 8.0 Armour
 - Level 7.3 Dodging
 + Level 9.2 Spellcasting
 - Level 4.0 Conjurations
 - Level 8.4 Necromancy


You had 16 spell levels left.
You knew the following spells:

 Your Spells              Type           Power      Damage    Failure   Level
a - Kiss of Death         Conj/Necr      100%       2d13      1%          1
b - Vampiric Draining     Necr           40%        2d8       2%          3
c - Dispel Undead         Necr           40%        3d16      8%          4
d - Anguish               Hex/Necr       12%        N/A       38%         4

Your spell library contained the following spells:

 Spells                   Type           Power      Damage    Failure   Level
 Necrotise                Necr           100%       1d9       1%          1
 Sublimation of Blood     Necr           40%        N/A       1%          2
 Foxfire                  Conj/Fire      64%        2x1d7     11%         1
 Momentum Strike          Conj/Tloc      32%        3d8       16%         2
 Agony                    Necr           40%        N/A       21%         5
 Sandblast                Erth           16%        2d6       24%         1
 Hailstorm                Conj/Ice       16%        3d6       32%         3
 Stone Arrow              Conj/Erth      32%        3d9       32%         3
 Call Imp                 Summ           8%         N/A       36%         2
 Passwall                 Tmut/Erth      6%         N/A       36%         2
 Confusing Touch          Hex            8%         N/A       58%         3
 Inner Flame              Hex/Fire       8%         N/A       58%         3
 Ozocubu's Armour         Ice            8%         N/A       58%         3
 Flame Wave               Conj/Fire      16%        2d7       71%         4
 Sticky Flame             Conj/Fire      16%        2d4       71%         4
 Death Channel            Necr           20%        N/A       75%         6
 Leda's Liquefaction      Hex/Erth       4%         N/A       94%         4
 Lee's Rapid Deconstruct  Erth           4%         3d5*      100%        5
 Metabolic Englaciation   Hex/Ice        4%         N/A       100%        5
 Summon Mana Viper        Hex/Summ       8%         N/A       100%        5
 Simulacrum               Ice/Necr       12%        N/A       100%        6
 Statue Form              Tmut/Erth      5%         N/A       100%        6
 Fire Storm               Conj/Fire      8%         8d2       100%        9


Dungeon Overview and Level Annotations

Branches:
Dungeon (11/15)            Temple (1/1) D:5            Lair (0/5) D:11
Ossuary (visited)         Gauntlet (1/1)
    Orc: D:9-12

Altars:
Ashenzari
Elyvilon
Fedhas
Hepliaklqana
Kikubaaqudgha
Makhleb
Nemelex Xobeh
Ru
Sif Muna
Uskayaw
Wu Jian
Yredelemnul

Shops:
D:6 [

Annotations:
Gauntlet 12 transporters, exclusion: oklob plant


Innate Abilities, Weirdness & Mutations

You have a beak for a mouth.
You have claws for feet.
Your magical nature lets you fly swiftly and evasively.


Message History

You puncture the minotaur! You claw the minotaur!
The minotaur is moderately wounded.
The minotaur blocks your +7 spear of Lifestrun {spect, rC+ Str+2}'s attack.
The minotaur hits you but does no damage.
The minotaur barely misses you.
You barely miss the minotaur. The minotaur blocks your attack.
The minotaur is moderately wounded.
Your +7 spear of Lifestrun {spect, rC+ Str+2} hits the minotaur.
You block the minotaur's attack.
The minotaur gores you but does no damage.
You hit the minotaur. The minotaur blocks your attack.
The minotaur is moderately wounded.
Your +7 spear of Lifestrun {spect, rC+ Str+2} hits the minotaur.
The minotaur hits you with a +1 mace of protection!
The minotaur gores you.
You puncture the minotaur! Your kick misses the minotaur.
The minotaur is heavily wounded.
The minotaur blocks your +7 spear of Lifestrun {spect, rC+ Str+2}'s attack.
The minotaur hits you with a +1 mace of protection.
The minotaur gores you but does no damage.
You feel much better.
The minotaur is no longer covered in acid.
The minotaur hits you with a +1 mace of protection!
The minotaur gores you but does no damage.
You puncture the minotaur! Your kick misses the minotaur.
You peck the minotaur!
The minotaur is severely wounded.
Your +7 spear of Lifestrun {spect, rC+ Str+2} hits the minotaur but does no damage.
The minotaur zombie is no longer covered in acid.
The minotaur hits you with a +1 mace of protection!
* * * LOW HITPOINT WARNING * * *
The minotaur gores you but does no damage.
You puncture the minotaur!
The minotaur is almost dead.
Your +7 spear of Lifestrun {spect, rC+ Str+2} hits the minotaur but does no damage.
The minotaur hits you with a +1 mace of protection!!
* * * LOW HITPOINT WARNING * * *
The minotaur gores you!
You die...
Kikubaaqudgha rasps: "You have failed me!
Welcome... death!"

###+ ##..⌠ '⌠.. ... ∩. #Z
#######H####### #.......@(....#
#.###.###.###.# #.............#
##.###.###.###
#####.###.###.#####
#≈...............≈# ##
####8..©.©.©.©.©.©.§8#### ### 8#
#8##≈...............≈##8# #8#
#################################


You could see a minotaur, a minotaur zombie and a friendly +7 spear of Lifestrun
{spect, rC+ Str+2} (summoned).

Vanquished Creatures
  A quicksilver ooze (Gauntlet)
  A two-headed ogre (D:8)
  A tengu warrior (Gauntlet)
  Pikel (D:3)
  A cyclops (D:7)
  A kobold demonologist (D:9)
  Maggie (D:7)
  2 trolls (D:9)
  Grinder (D:5)
  3 hornets
  2 vampires
  2 water elementals (D:11)
  8 yaks
  Grum (D:9)
  A wraith (D:9)
  Edmund (D:5)
  4 vampire mosquitoes (D:10)
  2 swamp worms (Gauntlet)
  2 acid dragons
  3 orc warriors
  An ice beast (D:7)
  A black bear (D:6)
  2 ogres
  3 centaurs
  2 wolves (D:8)
  A lemure (D:4)
  A phantom (D:6)
  3 kobold brigands
  A bullfrog (D:8)
  9 necrophages
  5 scorpions
  11 wights
  20 killer bees
  3 howler monkeys
  An electric eel (D:10)
  7 orc priests
  7 hounds
  4 iguanas
  6 orc wizards
  9 mummies
  11 adders
  3 shadow imps
  2 white imps (D:5)
  3 ufetubi
  A worm (D:4)
  5 dart slugs
  29 orcs
  7 endoplasms
  3 giant cockroaches
  10 goblins
  6 hobgoblins
  3 jackals (D:1)
  3 quokkas
  7 ball pythons
  2 bats
  5 frilled lizards
  2 gnoll zombies (Ossuary)
  2 goblin zombies (D:7)
  A hobgoblin zombie (Ossuary)
  15 kobolds
  4 kobold zombies (Ossuary)
  An orc zombie (Ossuary)
  3 rats
264 creatures vanquished.

Vanquished Creatures (others)
  3 fungi (Gauntlet)
  40 plants
43 creatures vanquished.

Grand Total: 307 creatures vanquished

Notes
Turn   | Place    | Note
-------+----------+-------------------------------------------
     0 | D:1      | Shayle the Tengu Reaver began the quest for the Orb.
     0 | D:1      | Reached XP level 1. HP: 12/12 MP: 4/4
   140 | D:1      | Reached XP level 2. HP: 13/17 MP: 6/6
   295 | D:1      | Reached skill level 1 in Necromancy
   504 | D:1      | Found a faded altar of an unknown god.
   682 | D:2      | Reached XP level 3. HP: 20/22 MP: 7/7
   881 | D:2      | Reached XP level 4. HP: 26/27 MP: 8/8
  1173 | D:3      | Identified the +7 spear of Lifestrun {spect, rC+ Str+2}
  1314 | D:3      | Found a sacrificial altar of Ru.
  1411 | D:3      | Reached skill level 3 in Fighting
  1411 | D:3      | Gained mutation: Your magical nature lets you fly swiftly
                  | and evasively. [Tengu growth]
  1411 | D:3      | Reached XP level 5. HP: 32/32 MP: 10/10
  2089 | D:4      | Reached XP level 6. HP: 37/37 MP: 11/11
  2376 | D:4      | Noticed Pikel
  2403 | D:3      | Killed Pikel
  2404 | D:3      | Reached skill level 4 in Fighting
  2404 | D:3      | Reached skill level 5 in Dodging
  2404 | D:3      | Reached XP level 7. HP: 32/44 MP: 12/14
  2665 | D:4      | Reached XP level 8. HP: 48/48 MP: 15/15
  3179 | D:4      | Found a blossoming altar of Fedhas.
  3229 | D:5      | Entered Level 5 of the Dungeon
  3243 | D:5      | Reached skill level 5 in Fighting
  3302 | D:5      | Identified the +0 helmet of Tempters {rPois}
  3338 | D:5      | Noticed Edmund
  3341 | D:5      | Reached skill level 5 in Necromancy
  3341 | D:5      | Noticed Grinder
  3349 | D:5      | Killed Edmund
  3352 | D:5      | Reached skill level 5 in Spellcasting
  3362 | D:5      | Killed Grinder
  3624 | D:5      | Reached XP level 9. HP: 49/55 MP: 18/18
  3634 | D:5      | Got Junn's Lessons on Arcane Weapons and Mustering
  3651 | D:5      | Found a staircase to the Ecumenical Temple.
  3662 | Temple   | Entered the Ecumenical Temple
  3679 | Temple   | Became a worshipper of Kikubaaqudgha
  4012 | D:6      | Found a hazy altar of Hepliaklqana.
  4019 | D:6      | Reached skill level 6 in Fighting
  4352 | D:6      | Reached * piety under Kikubaaqudgha
  4352 | D:6      | Received a gift from Kikubaaqudgha
  4498 | D:6      | Found Jesmafot's Armour Boutique.
  4616 | D:6      | Identified a scroll of acquirement
  4616 | D:6      | Acquired a +2 cloak of stealth
  5012 | D:7      | Reached skill level 1 in Armour
  5013 | D:7      | Noticed Maggie
  5182 | D:7      | Killed Maggie
  5183 | D:7      | Reached skill level 7 in Fighting
  5199 | D:7      | Found a sand-covered staircase.
  5203 | D:7      | Reached XP level 10. HP: 24/63 MP: 20/20
  5206 | Ossuary  | Entered an ossuary
  5689 | D:7      | Noticed a cyclops
  5703 | D:7      | Killed a cyclops
  6106 | D:7      | Reached ** piety under Kikubaaqudgha
  6320 | D:7      | Found a broken altar of Ashenzari.
  6321 | D:7      | Found a shimmering blue altar of Sif Muna.
  6322 | D:7      | Found a basalt altar of Yredelemnul.
  6418 | D:7      | Found a burning altar of Makhleb.
  6692 | D:8      | Found a white marble altar of Elyvilon.
  6793 | D:8      | Noticed a two-headed ogre
  6800 | D:8      | Killed a two-headed ogre
  6801 | D:8      | Reached skill level 8 in Fighting
  7303 | D:8      | Identified the +5 war axe of the Skies Above {speed, rC+++
                  | Int+2 Dex-3}
  7679 | D:9      | Noticed Grum
  7699 | D:8      | Reached skill level 5 in Armour
  7737 | D:9      | Killed Grum
  7904 | D:9      | Noticed a kobold demonologist
  7909 | D:9      | Killed a kobold demonologist
  7909 | D:9      | Reached *** piety under Kikubaaqudgha
  7909 | D:9      | Received a gift from Kikubaaqudgha
  7916 | D:9      | Reached XP level 11. HP: 56/69 MP: 23/23
  8211 | D:9      | Learned a level 3 spell: Vampiric Draining
  8216 | D:9      | Learned a level 4 spell: Dispel Undead
  8221 | D:9      | Learned a level 4 spell: Anguish
  8289 | D:9      | Reached skill level 9 in Fighting
  9005 | D:10     | Entered Level 10 of the Dungeon
  9226 | D:10     | Identified the +9 trident of Ashenzari {freeze, rF+ rN+
                  | Str+3 SInv}
  9931 | D:11     | Found a staircase to the Lair.
  9960 | D:11     | Found a gate leading to a gauntlet.
  9964 | Gauntlet | Entered a Gauntlet
  9964 | Gauntlet | Found a transporter.
  9975 | Gauntlet | Found a transporter.
  9990 | Gauntlet | Found a transporter.
  9996 | Gauntlet | Found a transporter.
 10009 | Gauntlet | Noticed a quicksilver ooze
 10011 | Gauntlet | Found a transporter.
 10011 | Gauntlet | Found the brooch of Shielding {Spirit SH+8}
 10026 | Gauntlet | Noticed a death scarab
 10030 | Gauntlet | Found a transporter.
 10031 | Gauntlet | Noticed a death scarab
 10042 | Gauntlet | Found a transporter.
 10054 | Gauntlet | Found a transporter.
 10056 | Gauntlet | Noticed a death yak
 10057 | Gauntlet | Noticed a death yak
 10059 | Gauntlet | Noticed a death yak
 10060 | Gauntlet | Noticed a death yak
 10063 | Gauntlet | Noticed a death yak
 10066 | Gauntlet | Found a transporter.
 10075 | Gauntlet | Found a transporter.
 10083 | Gauntlet | Noticed a dire elephant
 10101 | Gauntlet | Found a transporter.
 10116 | Gauntlet | Found a transporter.
 10118 | Gauntlet | Found a transporter.
 10119 | Gauntlet | Noticed an oklob plant
 10143 | Gauntlet | Noticed a tengu warrior
 10147 | Gauntlet | Found a transporter.
 10149 | Gauntlet | Found a transporter.
 10150 | Gauntlet | Found a transporter.
 10178 | Gauntlet | Found a transporter.
 10180 | Gauntlet | Found a transporter.
 10222 | Gauntlet | Killed a tengu warrior
 10223 | Gauntlet | Reached skill level 1 in Staves
 10440 | Gauntlet | Killed a quicksilver ooze
 10441 | Gauntlet | Reached skill level 10 in Fighting
 10532 | Gauntlet | Noticed a minotaur
 10542 | Gauntlet | HP: 1/72 [minotaur/+1 mace of protection (19)]
 10542 | Gauntlet | Mangled by a minotaur

Illustrated notes

Levels and vault maps discovered:
D:1:      minmay_arrival_split_and_join, layout_rooms,
          dilly_ecumenical_altar_fadedgnrine, chequers_decorated_corner
D:2:      layout_rooms
D:3:      layout_basic, nicolae_ru_awakened_eye, roderic_lattice_a
D:4:      minmay_razor_zed, layout_basic, fedhas_altar_fruit_tree,
          chequers_arboretum, minmay_distorted, uniq_pikel
D:5:      layout_rooms, minmay_temple_entry_ruins, wad_woods_river_04,
          uniq_grinder, uniq_edmund
D:6:      layout_cave_pods, nicolae_hepliaklqana_hazy_memory, serial_shops,
          nicolae_shop_crystal
D:7:      layout_cave_pools, minitemple, mainiacjoe_overflow_alcove_4,
          nicolae_ossuary_entry_giza, st_stairs_12, minmay_large_rounded_square,
          uniq_maggie
D:8:      layout_cave_pods, mainiacjoe_overflow_paths
D:9:      minmay_angry_zag, layout_basic, minmay_chambers_of_fives, uniq_grum
D:10:     layout_loops_ring, chequers_big_river, wad_floor_pattern_2
D:11:     layout_basic, portal_ice_cave_entry_imps, gauntlet_entry_generic,
          statue_in_the_mist_lemuel, serial_bayou_pond_e,
          hangedman_tell_no_tales, uniq_lodul
Temple:   jpeg_temple_clearing
Gauntlet: gammafunk_gauntlet_one_two_three [gammafunk_gauntlet_arena_chambers,
          nicolae_gauntlet_arena_blocks, gammafunk_gauntlet_arena_hedges,
          gammafunk_gauntlet_arena_spirals, gammafunk_gauntlet_arena_split_x,
          gammafunk_gauntlet_arena_crates, nicolae_gauntlet_arena_grate_2,
          nicolae_gauntlet_swirl, nicolae_gauntlet_arena_x,
          gauntlet_exit_hidden_loot]

Skill      XL: |  1  2  3  4  5  6  7  8  9 10 11 |
---------------+----------------------------------+-----
Necromancy     | 1 2 4 5 7 8 |  8.4
Dodging        | 3 5 6 7 |  7.3
Fighting       | 3 4 5 7 8 10 | 10.0
Spellcasting   | 3 4 5 6 7 9 |  9.2
Armour         | 2 5 8 |  8.0
Staves         | 2 |  2.4
Polearms       | |  3.2
Conjurations   | |  4.0

Action                   |  1- 3 |  4- 6 |  7- 9 | 10-12 || total
-------------------------+-------+-------+-------+-------++-------
Melee: Spear             |    65 |    64 |   208 |   306 ||   643
       Kick              |    18 |    13 |    83 |    81 ||   195
       Peck              |     6 |     9 |    44 |    50 ||   109
       Punch             |     1 |       |     2 |       ||     3
Evoke: Wand              |       |       |       |     1 ||     1
  Use: Scroll            |       |       |    17 |     7 ||    24
       Potion            |       |       |     3 |     6 ||     9
 Stab: Distracted        |       |       |       |     2 ||     2
Armor: Leather armour    |    11 |     6 |     8 |       ||    25
       Skin              |       |       |    13 |       ||    13
       Pearl dragon scal |       |       |    10 |   132 ||   142
Dodge: Dodged            |    32 |    32 |    72 |   210 ||   346
Block: Other             |     5 |     9 |    21 |    59 ||    94
       Reflection        |       |     1 |       |     2 ||     3

Table legend: (Time is in decaauts)
 A = Elapsed time spent in this place.
 B = Non-inter-level travel time spent in this place.
 C = Inter-level travel time spent in this place.
 D = Time resting spent in this place.
 E = Time spent auto-exploring this place.
 F = Levels seen in this place.
 G = Mean time per level.
                   A        B        C        D        E       F      G
               +--------+--------+--------+--------+--------+-----+--------+
         Total |   9926 |   9347 |    579 |   1766 |   4842 |  14 |  709.0 |
       Dungeon |   8912 |   8333 |    579 |   1352 |   4826 |  11 |  810.2 |
        Temple |     33 |     33 |      0 |      0 |      6 |   1 |   33.0 |
       Ossuary |    436 |    436 |      0 |    196 |      9 |   1 |  436.0 |
      Gauntlet |    544 |    544 |      0 |    218 |      0 |   1 |  544.0 |
               +--------+--------+--------+--------+--------+-----+--------+

Top non-repeatable levels by time:
     D:4: 1266 daAuts
     D:9: 1220 daAuts
     D:6: 1120 daAuts
     D:8: 1051 daAuts
     D:3: 954 daAuts
    D:10: 869 daAuts
     D:7: 697 daAuts
     D:1: 598 daAuts
     D:5: 575 daAuts
Gauntlet: 544 daAuts
     D:2: 529 daAuts
 Ossuary: 436 daAuts
  Temple: 33 daAuts
    D:11: 30 daAuts
